 Dungeon Crawl Stone Soup version 0.20-a0-433-g9e36e56 (webtiles) character file.

3666 AlphabetPasta the Geomancer (level 9, -2/37 HPs)
             Began as a Felid Earth Elementalist on Jan 3, 2017.
             Was a Follower of Vehumet.
             Slain by a yak (13 damage)
             ... on level 9 of the Dungeon.
             The game lasted 00:45:24 (11316 turns).

AlphabetPasta the Geomancer (FeEE)                 Turns: 11316, Time: 00:45:25

Health: -2/37      AC:  2    Str:  4    XL:     9   Next: 89%
Magic:  13/19      EV: 20    Int: 19    God:    Vehumet [*.....]
Gold:   346        SH:  0    Dex: 17    Spells: 5/20 levels left
                                        Lives:  0   Deaths: 2

rFire  . . .     SeeInvis +       - Unarmed
rCold  . . .     Gourm    .     (armour unavailable)
rNeg   . . .     Faith    .     (shield unavailable)
rPois  .         Spirit   .     (helmet unavailable)
rElec  .         Reflect  .     (cloak unavailable)
rCorr  .         Harm     .     (gloves unavailable)
MR     +....                    (boots unavailable)
Stlth  +++.......               (no amulet)
                                (no ring)
                                (no ring)

@: quick
A: no armour, no weapons or thrown items, stealth, claws 1, fangs 3, see
invisible, carnivore 3, speed 1, shaggy fur 2, slow metabolism 1, sharp paws
a: Renounce Religion


You were on level 9 of the Dungeon.
You worshipped Vehumet.
Vehumet was aware of your devotion.
You were very full.

You visited 2 branches of the dungeon, and saw 10 of its levels.

You collected 346 gold pieces.

Inventory:

Missiles
 b - 92 stones
Wands
 g - a wand of clouds (2/9)
 i - a wand of iceblast (10/15)
 m - a wand of acid (11/15)
 q - a wand of random effects (18/48)
Scrolls
 e - 3 scrolls of magic mapping
 k - 2 scrolls of amnesia
 n - 2 scrolls of teleportation
 o - a scroll of fear
Potions
 a - a potion of lignification {unknown}
 f - a potion of berserk rage {unknown}
 h - 3 potions of might
 j - a potion of cancellation
 l - 3 potions of curing
 r - 2 potions of heal wounds
 s - 3 potions of magic {unknown}
 t - a potion of haste {unknown}
Books
 d - a book of Geomancy

   Spells                             Type                      Level
   a - Sandblast                      Earth                        1
   b - Passwall                       Transmutation/Earth          2
   c - Stone Arrow                    Conjuration/Earth            3
   d - Petrify                        Transmutation/Earth          4
   e - Lee's Rapid Deconstruction     Earth                        5
Comestibles
 c - 5 meat rations
 p - 3 beef jerkies
 u - 10 royal jellies


   Skills:
 - Level 3.1 Fighting
 - Level 5.0 Dodging
 - Level 5.0 Stealth
 + Level 2.9 Unarmed Combat
 + Level 6.3 Spellcasting
 + Level 5.7 Conjurations
 - Level 1.1 Transmutations
 * Level 9.3 Earth Magic
 - Level 3.1 Evocations


You had 5 spell levels left.
You knew the following spells:

 Your Spells              Type           Power        Failure   Level  Hunger
a - Sandblast             Erth           #####.       1%          1    None
b - Passwall              Tmut/Erth      ####......   1%          2    None
c - Stone Arrow           Conj/Erth      ####..       1%          3    ##.....
d - Petrify               Tmut/Erth      ####....     14%         4    ####...
e - Lee's Rapid Deconstr  Erth           #####.....   10%         5    #####..


Dungeon Overview and Level Annotations

Branches:
Dungeon (9/15)             Temple (1/1) D:7            Lair (0/6) D:8
    Orc: D:9-12

Altars:
Ashenzari
Cheibriados
Dithmenos
Elyvilon
Fedhas
Gozag
Hepliaklqana
Kikubaaqudgha
Makhleb
Nemelex Xobeh
Okawaru
Ru
Sif Muna
Trog
Uskayaw
Vehumet
Yredelemnul
Zin
The Shining One

Annotations:
D:4 1 runed door


Innate Abilities, Weirdness & Mutations

You cannot wear armour.
You are incapable of wielding weapons or throwing items.
Your paws allow you to move quietly. (Stealth)
You have sharp claws.
You have razor-sharp teeth.
You have supernaturally acute eyesight. (SInv)
You are carnivorous and can eat meat at any time.
You cover ground quickly.
You are covered in thick fur. (AC +2)
You have a slow metabolism.
Your sharp claws are effective at attacking unaware monsters.


Message History

b - 94 stones
Casting: Sandblast
Confirm with . or Enter, or press ? or * to list all spells.
Aiming: Sandblast
Press: ? - help, Shift-Dir - straight line, f - yak
Aim: a yak The blast of sand hits the yak.
The yak is moderately wounded.
b - 93 stones The yak completely misses you.
Casting: Sandblast
Confirm with . or Enter, or press ? or * to list all spells.
Aiming: Sandblast
Press: ? - help, Shift-Dir - straight line, f/p - yak
Aim: a yak (moderately wounded)
The blast of sand hits the yak.
The yak is severely wounded.
b - 92 stones The yak gores you!
You die...

#......# #......#
##......# .......#
#......# #......#
#..Y...# #Y# #@##
#..# #####.###
##+#### #.......#
#.....# #.......#
#.....# #.......#
+....)# ###...[...#
#.....###.........#
#.....'.†.#.......#


You could see 2 yaks.

Vanquished Creatures
  Maurice (D:8)
  Grinder (D:5)
  3 yaks (D:9)
  2 basilisks (D:8)
  A hungry ghost (D:7)
  Edmund (D:5)
  Menkaure (D:5)
  A water moccasin (D:5)
  Duvessa (D:7)
  2 porcupines (D:8)
  An ice beast (D:7)
  2 black bears
  4 ogres
  3 wolves
  A centaur (D:5)
  2 crocodiles (D:8)
  A big kobold (D:8)
  A gnoll sergeant (D:5)
  Dowan (D:7)
  A wyvern skeleton (D:6)
  2 scorpions
  The ghost of bombasticus the Slasher, a weakling MiBe of Trog (D:5)
  3 killer bees (D:8)
  A bullfrog zombie (D:5)
  5 crimson imps
  A quasit (D:8)
  2 hounds
  3 jellies (D:8)
  2 orc priests (D:7)
  2 orc wizards
  2 bullfrog skeletons
  2 centaur skeletons
  6 iguanas
  3 worker ants (D:6)
  3 hound skeletons (D:5)
  A worker ant zombie (D:5)
  14 gnolls
  9 adders
  2 shadow imps (D:8)
  8 oozes
  2 adder skeletons (D:4)
  3 worms
  A dart slug (D:3)
  5 leopard geckos
  7 orcs
  4 giant cockroaches
  7 goblins
  3 hobgoblins
  9 jackals
  11 kobolds
  A quokka (D:7)
  5 ball pythons
  7 bats
  5 frilled lizards
  A leopard gecko skeleton (D:4)
  5 rats
  A plant (D:3)
180 creatures vanquished.

Notes
Turn   | Place    | Note
-------+----------+-------------------------------------------
     0 | D:1      | AlphabetPasta the Felid Earth Elementalist began the quest for the Orb.
     0 | D:1      | Reached XP level 1. HP: 7/7 MP: 4/4
   177 | D:1      | Reached XP level 2. HP: 11/11 MP: 0/6
   310 | D:1      | Reached skill level 3 in Earth Magic
   605 | D:1      | Reached skill level 1 in Unarmed Combat
   673 | D:1      | Learned a level 2 spell: Passwall
  1375 | D:2      | Reached XP level 3. HP: 11/14 MP: 7/7
  1704 | D:2      | Learned a level 3 spell: Stone Arrow
  2061 | D:2      | Learned a level 3 spell: Stone Arrow
  2434 | D:2      | Reached XP level 4. HP: 18/18 MP: 3/8
  2820 | D:3      | Reached skill level 1 in Conjurations
  2977 | D:3      | Reached XP level 5. HP: 21/21 MP: 9/9
  3552 | D:3      | Reached skill level 1 in Fighting
  3614 | D:4      | Found a runed door.
  3614 | D:4      | Found a white marble altar of Elyvilon.
  3614 | D:4      | Noticed an angel
  3785 | D:4      | Reached skill level 4 in Earth Magic
  4394 | D:5      | Entered Level 5 of the Dungeon
  4402 | D:5      | Noticed Grinder
  4422 | D:5      | Paralysed by Grinder for 4 turns
  4427 | D:5      | Slain by Grinder
  4428 | D:5      | Reached XP level 4. HP: -1/19 MP: 4/9
  4444 | D:5      | Killed Grinder
  4444 | D:5      | Reached skill level 1 in Evocations
  4444 | D:5      | Reached XP level 5. HP: 22/22 MP: 7/10
  4444 | D:5      | Gained mutation: You are covered in thick fur. (AC +2) [Felid growth]
  4444 | D:5      | Reached XP level 6. HP: 25/25 MP: 7/11
  4481 | D:5      | Noticed Edmund
  4538 | D:5      | Killed Edmund
  4631 | D:5      | Learned a level 4 spell: Petrify
  4634 | D:5      | Reached skill level 5 in Earth Magic
  4735 | D:5      | Noticed bombasticus's ghost (weakling MiBe)
  4987 | D:5      | Reached XP level 7. HP: 27/28 MP: 7/13
  5263 | D:5      | Noticed Menkaure
  5270 | D:5      | Killed Menkaure
  5499 | D:5      | Killed bombasticus's ghost
  6170 | D:5      | Reached skill level 6 in Earth Magic
  6170 | D:5      | Reached XP level 8. HP: 32/32 MP: 3/14
  6581 | D:4      | Learned a level 5 spell: Lee's Rapid Deconstruction
  8196 | D:7      | Found a staircase to the Ecumenical Temple.
  8200 | Temple   | Entered the Ecumenical Temple
  8207 | Temple   | Became a worshipper of Vehumet
  8258 | D:7      | Reached skill level 7 in Earth Magic
  8714 | D:7      | Noticed Duvessa
  8714 | D:7      | Noticed Dowan
  8717 | D:7      | Killed Duvessa
  8721 | D:7      | Killed Dowan
  8721 | D:7      | Reached XP level 9. HP: 34/36 MP: 2/17
  8844 | D:7      | Reached skill level 5 in Spellcasting
  8978 | D:7      | Reached skill level 5 in Stealth
  9325 | D:8      | Found a staircase to the Lair.
  9336 | D:7      | Slain by a wolf
  9337 | D:7      | Reached XP level 8. HP: -1/33 MP: 11/16
  9537 | D:8      | Reached skill level 8 in Earth Magic
  9925 | D:8      | Reached skill level 5 in Dodging
  9989 | D:8      | Reached skill level 5 in Conjurations
 10012 | D:8      | Reached XP level 9. HP: 37/37 MP: 5/18
 10366 | D:8      | Noticed Maurice
 10406 | D:8      | Killed Maurice
 10542 | D:8      | Reached skill level 9 in Earth Magic
 10722 | D:8      | Found an iron altar of Okawaru.
 10739 | D:8      | Found an ancient bone altar of Kikubaaqudgha.
 10739 | D:8      | Found a shadowy altar of Dithmenos.
 10777 | D:8      | Found an opulent altar of Gozag.
 10778 | D:8      | Found a sparkling altar of Nemelex Xobeh.
 10877 | D:8      | Found a hazy altar of Hepliaklqana.
 10938 | D:8      | Reached * piety under Vehumet
 10938 | D:8      | Offered knowledge of Shock by Vehumet.
 11316 | D:9      | Slain by a yak

Vault maps used:
D:1:      ncdulo_watergridlock
D:3:      first_bread, saegor_snake_ambush
D:4:      lemuel_angel_altar
D:5:      minmay_misc_feat_square, uniq_grinder, uniq_edmund, uniq_menkaure
D:7:      uniq_duvessa
D:8:      grunt_temple_overflow_opulence, nicolae_overflow_hidden_temple,
          kennysheep_little_box, minmay_lair_entry_grove,
          hangedman_little_slice_of_home, kennysheep_generic_room_4,
          uniq_maurice
D:9:      serial_undead, serial_undead_e, serial_undead_b, serial_undead_e,
          serial_undead_b, serial_undead_c, serial_undead_b, minmay_crystal_room
Temple:   cyrus_circular_temple

Skill      XL: |  1  2  3  4  5  6  7  8  9 |
---------------+----------------------------+-----
Earth Magic    | 3 4 5 6 8 9 |  9.3
Unarmed Combat | 1 2 |  2.9
Stealth        | 3 4 5 |  5.0
Dodging        | 3 4 5 |  5.0
Conjurations   | 1 2 3 5 |  5.7
Fighting       | 1 2 3 |  3.1
Spellcasting   | 3 4 6 |  6.3
Evocations     | 1 2 3 |  3.1
Transmutations | |  1.1

Action                   |  1- 3 |  4- 6 |  7- 9 || total
-------------------------+-------+-------+-------++-------
Melee: Unarmed           |    90 |   209 |    83 ||   382
       Bite              |     1 |    18 |     9 ||    28
       Punch             |       |     5 |     1 ||     6
 Cast: Sandblast         |    30 |    66 |    93 ||   189
       Stone Arrow       |       |       |   134 ||   134
Evoke: Wand              |       |     1 |     2 ||     3
  Use: Scroll            |     7 |     4 |     7 ||    18
       Potion            |       |     3 |     3 ||     6
 Stab: Sleeping          |     9 |    12 |    10 ||    31
       Confused          |       |     6 |       ||     6
       Distracted        |       |       |     1 ||     1
  Eat: Chunk             |    10 |    11 |    25 ||    46
Armor: Skin              |     5 |     6 |     6 ||    17
Dodge: Dodged            |   100 |   118 |   122 ||   340
